AoeStats
← DS_mikita

Arabia

503515653Analyzed
1v1 RM · 8d ago on Sep 1, 2026· 38m 9s· 2 players
Game mode
Random Map
Map size
Tiny (2 player)
Population
200
Speed
Normal
Resources
Standard
Victory
Conquest
Starting age
Dark Age
Ending age
Imperial Age
RankedLock teamsTeams togetherTeam positionsShared explorationLock speedFull tech treeHidden civsTurbo modeCheats
Victory
Defeat
🇺🇸 Malians · United States
1152
+16
🇦🇷 Mongols · Argentina
1144
-16
DS_mikita
8:18 Loom
10:03 Feudal Age
10:49 Man-at-Arms
38:14 Double-Bit Axe
Treehugger
6:11 Loom
9:34 Feudal Age
10:01 Double-Bit Axe
12:48 Fletching
24:03 Padded Archer Armor
28:11 Gold Mining
37:58 Castle Age
38:08 Bloodlines
Connection lost

Rejoining the realm…

Still unreachable

The connection could not be restored.

Session expired

The server has moved on; the page needs a fresh start.